 Dungeon Crawl Stone Soup version 0.31-a0-1343-gcd514f47d3 (webtiles) character file.

Game seed: 6043616053181271034

342 James the Cleaver (level 6, -2/44 HPs)
             Began as a Gnoll Wanderer on Dec 22, 2023.
             Was an Initiate of Gozag.
             Killed from afar by a white imp (10 damage)
             ... with a puff of frost
             ... summoned by Eustachio
             ... on level 4 of the Dungeon.
             The game lasted 00:10:31 (3307 turns).

James the Cleaver (Gnoll Wanderer)                  Turns: 3307, Time: 00:10:31

Health: -2/44      AC:  8    Str: 14    XL:     6   Next: 57%
Magic:  9/9        EV:  9    Int: 13    God:    Gozag
Gold:   410        SH:  0    Dex:  9    Spells: 9/9 levels left

rFire   . . .        a - +2 hand axe
rCold   . . .        k - orb {light}
rNeg    . . .        p - +0 scale mail
rPois   .            C - +0 helmet
rElec   .            (no cloak)
rCorr   +            (no gloves)
SInv    .            (no boots)
Will    .....        e - amulet of regeneration
Stlth   +            q - ring of resist corrosion
HPRegen 1.07/turn    (no ring)
MPRegen 0.11/turn

%: no passive effects
@: glowing
A: fangs 1, strong nose, distributed training
a: Renounce Religion, Potion Petition, Call Merchant, Bribe Branch


You were on level 4 of the Dungeon.
You worshipped Gozag.
Gozag was aware of your devotion.
You visited 2 branches of the dungeon, and saw 5 of its levels.

You collected 457 gold pieces.
You paid 47 gold pieces to Gozag.

Inventory:

Hand Weapons
 a - a +2 hand axe (weapon)
 b - the +6 spear "Oxesoguh" {venom, rElec MP+9 Stlth+}
   (You found it on level 2 of the Dungeon)

   rElec:     It insulates you from electricity.
   MP+9:      It affects your magic capacity (+9).
   Stlth+:    It makes you more stealthy.
 I - a +0 trident
   (You took it off Blork the orc on level 4 of the Dungeon)
Missiles
 h - a javelin
 j - 67 stones (quivered)
 n - a curare-tipped dart {!f}
 o - a throwing net {!f}
 E - 3 poisoned darts
 F - a boomerang
Armour
 g - a +0 leather armour
   (You found it on level 1 of the Dungeon)
 k - an orb of light (worn)
   (You found it on level 1 of the Dungeon)
 l - a +0 leather armour
   (You found it on level 1 of the Dungeon)
 m - a +0 robe
 p - a +0 scale mail (worn)
   (You found it on level 4 of the Dungeon)
 r - a +0 ring mail
   (You found it on level 2 of the Dungeon)
 t - a +0 leather armour
   (You found it on level 2 of the Dungeon)
 w - a +0 leather armour
   (You took it off an orc on level 3 of the Dungeon)
 x - a +0 ring mail
   (You took it off an orc on level 3 of the Dungeon)
 y - a +0 leather armour
   (You took it off an orc on level 3 of the Dungeon)
 z - a +0 chain mail
   (You found it on level 3 of the Dungeon)
 B - a +0 leather armour
   (You found it on level 3 of the Dungeon)
 C - a +0 helmet (worn)
   (You found it on level 3 of the Dungeon)
 G - a +0 leather armour
   (You took it off an orc on level 4 of the Dungeon)
 H - a +0 robe
   (You took it off Blork the orc on level 4 of the Dungeon)
 J - a +0 robe
   (You found it on level 4 of the Dungeon)
 K - a +0 robe
   (You took it off an orc wizard on level 4 of the Dungeon)
 L - a +0 leather armour
   (You took it off an orc on level 4 of the Dungeon)
 M - a +0 scale mail
   (You took it off an orc on level 4 of the Dungeon)
 N - a +0 robe
   (You took it off an orc wizard on level 4 of the Dungeon)
 P - a +0 ring mail
   (You found it on level 4 of the Dungeon)
Magical Staves
 D - a staff of fire
   (You found it on level 3 of the Dungeon)
Jewellery
 e - an amulet of regeneration (around neck)
   (You found it on level 2 of the Dungeon)
 q - a ring of resist corrosion (left hand)
   (You found it on level 2 of the Dungeon)
Wands
 c - a wand of polymorph (3)
Scrolls
 d - 4 scrolls of butterflies
 v - a scroll of amnesia {unknown}
Potions
 f - a potion of enlightenment
 i - 2 potions of curing {@q1}
 s - a potion of degeneration {unknown}
 u - 2 potions of mutation {!q}
 A - a potion of heal wounds {unknown}
 O - a potion of brilliance {unknown}


   Skills:
 + Level 2.1 Fighting
 + Level 2.1 Short Blades
 + Level 2.1 Long Blades
 + Level 8.8 Axes
 + Level 2.1 Maces & Flails
 + Level 2.1 Polearms
 + Level 2.1 Staves
 + Level 2.1 Ranged Weapons
 + Level 2.1 Throwing
 + Level 5.0 Armour
 + Level 2.1 Dodging
 + Level 3.2 Stealth
 + Level 2.1 Shields
 + Level 2.1 Unarmed Combat
 + Level 2.1 Spellcasting
 + Level 1.6 Conjurations
 + Level 1.6 Hexes
 + Level 1.6 Summonings
 + Level 1.6 Necromancy
 + Level 1.6 Translocations
 + Level 1.6 Fire Magic
 + Level 1.6 Ice Magic
 + Level 1.6 Air Magic
 + Level 1.6 Earth Magic
 + Level 1.6 Alchemy
 + Level 2.3 Invocations
 + Level 6.9 Evocations
 + Level 1.9 Shapeshifting


You had 9 spell levels left.
You didn't know any spells.
Your spell library contained the following spells:

 Spells                   Type           Power      Damage    Failure   Level
 Frozen Ramparts          Ice            10%        1d2       82%         3
 Leda's Liquefaction      Alch/Erth      2%         N/A       99%         4
 Petrify                  Alch/Erth      5%         N/A       99%         4
 Metabolic Englaciation   Hex/Ice        2%         N/A       100%        5


Dungeon Overview and Level Annotations

Branches:
Dungeon (4/15)             Temple (1/1) D:4

Altars:
Ashenzari
Cheibriados
Dithmenos
Elyvilon
Fedhas
Gozag
Hepliaklqana
Nemelex Xobeh
Qazlal
Ru
Sif Muna
Trog
Vehumet
Wu Jian
Xom
Yredelemnul
Zin
The Shining One

Shops:
D:3 (   D:4 (

Annotations:
D:4 Eustachio


Innate Abilities, Weirdness & Mutations

You have very sharp teeth.
Your uncanny sense of smell can sniff out nearby items.
Your experience applies equally to all skills.


Message History

The shadow imp gestures at you. Pain shoots through your body!
The bat attacks as it pursues you! The bat hits you. The bat misses you.
Eustachio gestures wildly while chanting.
The river rat attacks as it pursues you!
The river rat bites you.
* * * LOW HITPOINT WARNING * * *
The white imp hits you but does no damage.
The shadow imp disappears in a puff of smoke!
Eustachio completely misses you.
The white imp hits you but does no damage.
The white imp puffs mist at you.
You hit Eustachio but do no damage. You barely miss the river rat.
You hit the white imp. You hit the river rat. You hit the white imp.
The river rat barely misses you. Eustachio hits you with a +0 rapier.
* * * LOW HITPOINT WARNING * * *
The river rat misses you.
You closely miss Eustachio. You bite Eustachio, but do no damage.
You hit the white imp but do no damage. You hit the river rat but do no damage.
You hit the white imp but do no damage. You hit the river rat but do no damage.
The white imp gestures at you. The puff of frost hits you!
* * * LOW HITPOINT WARNING * * *
The white imp gestures at you. The puff of frost misses you.
The puff of frost hits Eustachio.
The shadow imp picks up a beetle and eats it.
The river rat barely misses you.
You barely miss Eustachio. You bite Eustachio.
You hit the white imp but do no damage. You hit the river rat but do no damage.
You hit the white imp. You slash the river rat!
You hit the shadow imp but do no damage.
The river rat bites you but does no damage.
Eustachio mumbles some strange words.
Eustachio blinks!
The white imp hits you but does no damage.
The shadow imp barely misses you. The white imp closely misses you.
The river rat bites you!
* * * LOW HITPOINT WARNING * * *
You hit the river rat.
You kill the river rat!
The river rat's corpse disappears in a puff of smoke!
You hit the river rat. You hit the white imp but do no damage.
You closely miss the shadow imp. You hit the white imp but do no damage.
The bat barely misses you.
The white imp shouts, "Take thy face hence, thou foppish nut-hook pustule!"
The white imp hits you but does no damage.
The white imp gestures at you. The puff of frost hits you!
You die...
Your body crumbles into a pile of gold.

..............# #.##
..............# ##.##
..............# #....
..............# #....
##............# #....
@..#'#.#'#+############### #....
#....#.#.................# #....
######.#.......r.5.......# #....
.....#.##......5@ยง.......# #....
####.#.##....@rb.5.......# ##...
#....#.###########.......# #...
........#### ######### #.##
.###.......# #.#.
.###.#...#.###################.#.
......#.#...................##.#.
.......>....................##.#.
......#.#...................##...


You could see Eustachio, 2 river rats, 2 white imps, a shadow imp (summoned) and
a bat (summoned).

Vanquished Creatures
  A phantom (D:4)
  Blork the orc (D:4)
  An iguana (D:4)
  2 orc wizards (D:4)
  4 adders
  A worm (D:3)
  A dart slug (D:1)
  12 orcs
  6 ball pythons
  4 endoplasms
  2 giant cockroaches
  2 goblins
  7 hobgoblins
  7 jackals
  5 quokkas
  3 training dummies (D:4)
  5 bats
  2 frilled lizards
  5 kobolds
  6 rats
77 creatures vanquished.

Notes
Turn   | Place    | Note
-------+----------+-------------------------------------------
     0 | D:1      | James the Gnoll Wanderer began the quest for the Orb.
     0 | D:1      | James set off with the following items: a +2 hand axe, a
                  | potion of mutation {!q}, a wand of polymorph (3), a scroll
                  | of butterflies, a +0 robe.
     0 | D:1      | Reached XP level 1. HP: 13/13 MP: 1/1
   215 | D:1      | Reached XP level 2. HP: 19/19 MP: 2/2
   493 | D:1      | Found a faded altar of an unknown god.
   967 | D:2      | Reached XP level 3. HP: 25/25 MP: 3/3
  1044 | D:2      | Reached skill level 1 in Invocations
  1264 | D:2      | Identified the +6 spear "Oxesoguh" {venom, rElec MP+9
                  | Stlth+}
  1351 | D:2      | Reached skill level 1 in Fighting
  1351 | D:2      | Reached skill level 1 in Short Blades
  1351 | D:2      | Reached skill level 1 in Long Blades
  1351 | D:2      | Reached skill level 1 in Maces & Flails
  1351 | D:2      | Reached skill level 1 in Polearms
  1351 | D:2      | Reached skill level 1 in Staves
  1351 | D:2      | Reached skill level 1 in Ranged Weapons
  1351 | D:2      | Reached skill level 1 in Throwing
  1351 | D:2      | Reached skill level 1 in Dodging
  1351 | D:2      | Reached skill level 1 in Shields
  1351 | D:2      | Reached skill level 1 in Unarmed Combat
  1351 | D:2      | Reached skill level 1 in Spellcasting
  1495 | D:3      | Reached skill level 1 in Shapeshifting
  1495 | D:3      | Reached XP level 4. HP: 32/32 MP: 5/5
  1802 | D:3      | Reached skill level 1 in Conjurations
  1802 | D:3      | Reached skill level 1 in Hexes
  1802 | D:3      | Reached skill level 1 in Summonings
  1802 | D:3      | Reached skill level 1 in Necromancy
  1802 | D:3      | Reached skill level 1 in Translocations
  1802 | D:3      | Reached skill level 1 in Fire Magic
  1802 | D:3      | Reached skill level 1 in Ice Magic
  1802 | D:3      | Reached skill level 1 in Air Magic
  1802 | D:3      | Reached skill level 1 in Earth Magic
  1802 | D:3      | Reached skill level 1 in Alchemy
  1853 | D:3      | Found an opulent altar of Gozag.
  1853 | D:3      | Found a glowing silver altar of Zin.
  1874 | D:3      | Became a worshipper of Gozag Ym Sagoz the Greedy
  2058 | D:3      | Found Wosmaox's Weapon Boutique.
  2295 | D:4      | Noticed Eustachio
  2464 | D:4      | Found Oroqaer's Firing Range.
  2704 | D:4      | Reached XP level 5. HP: 36/37 MP: 7/7
  2716 | D:4      | Noticed Blork the orc
  2743 | D:4      | Killed Blork the orc
  2833 | D:4      | Noticed a phantom
  2853 | D:4      | Killed a phantom
  2854 | D:4      | Reached XP level 6. HP: 43/44 MP: 8/8
  2958 | D:4      | Reached skill level 5 in Armour
  2981 | D:4      | Found a staircase to the Ecumenical Temple.
  3044 | Temple   | Entered the Ecumenical Temple
  3307 | D:4      | Killed from afar by a white imp

Illustrated notes

Levels and vault maps discovered:
D:1:      psy_arrival_fountain, layout_basic,
          hellmonk_ecumenical_altar_slurped_away
D:2:      layout_rooms, grunt_ministairs_6
D:3:      layout_basic, grunt_temple_overflow_gold_and_silver, serial_shops,
          nicolae_shop_tiny_real_fake_doors
D:4:      layout_basic, minmay_temple_entry_crystal_x, serial_bayou_lagoon_a,
          nicolae_shop_firing_range, uniq_eustachio, uniq_blork_the_orc
Temple:   minmay_temple_bridge_d

Skill      XL: |  1  2  3  4  5  6 |
---------------+-------------------+-----
Invocations    | 1 2 |  2.3
Fighting       | 1 2 |  2.1
Short Blades   | 1 2 |  2.1
Long Blades    | 1 2 |  2.1
Maces & Flails | 1 2 |  2.1
Polearms       | 1 2 |  2.1
Staves         | 1 2 |  2.1
Ranged Weapons | 1 2 |  2.1
Throwing       | 1 2 |  2.1
Dodging        | 1 2 |  2.1
Shields        | 1 2 |  2.1
Unarmed Combat | 1 2 |  2.1
Spellcasting   | 1 2 |  2.1
Shapeshifting  | 1 |  1.9
Conjurations   | 1 |  1.6
Hexes          | 1 |  1.6
Summonings     | 1 |  1.6
Necromancy     | 1 |  1.6
Translocations | 1 |  1.6
Fire Magic     | 1 |  1.6
Ice Magic      | 1 |  1.6
Air Magic      | 1 |  1.6
Earth Magic    | 1 |  1.6
Alchemy        | 1 |  1.6
Stealth        | 3 |  3.2
Armour         | 5 |  5.0
Axes           | |  8.8
Evocations     | |  6.9

Action                     |  1- 3 |  4- 6 || total
---------------------------+-------+-------++-------
  Melee: Hand axe          |    91 |   163 ||   254
         Bite              |     7 |    20 ||    27
  Throw: Stone             |     4 |       ||     4
    Use: Scroll            |       |     7 ||     7
   Stab: Sleeping          |     2 |       ||     2
 Armour: Robe              |     3 |       ||     3
         Leather armour    |    25 |       ||    25
         Ring mail         |    10 |    81 ||    91
         Scale mail        |       |    31 ||    31
  Dodge: Dodged            |    45 |    86 ||   131

Table legend: (Time is in decaauts)
 A = Elapsed time spent in this place.
 B = Non-inter-level travel time spent in this place.
 C = Inter-level travel time spent in this place.
 D = Time resting spent in this place.
 E = Time spent auto-exploring this place.
 F = Levels seen in this place.
 G = Mean time per level.
                   A        B        C        D        E       F      G
               +--------+--------+--------+--------+--------+-----+--------+
         Total |   3285 |   3042 |    243 |     82 |   1958 |   5 |  657.0 |
       Dungeon |   3283 |   3040 |    243 |     82 |   1958 |   4 |  820.8 |
        Temple |      1 |      1 |      0 |      0 |      0 |   1 |    1.0 |
               +--------+--------+--------+--------+--------+-----+--------+

Top non-repeatable levels by time:
     D:1: 931 daAuts
     D:4: 895 daAuts
     D:3: 874 daAuts
     D:2: 581 daAuts
  Temple: 1 daAuts
